 Dungeon Crawl Stone Soup version 0.27-a0-263-gc8dee61f84 (webtiles) character file.

Game seed: 12336614401011477742

14 gimp the Covered (level 2, 0/19 HPs)
             Began as a Tengu Fighter on Feb 4, 2021.
             Slain by an adder (4 damage)
             ... on level 2 of the Dungeon.
             The game lasted 00:00:47 (957 turns).

gimp the Covered (Tengu Fighter)                     Turns: 957, Time: 00:00:48

Health: 0/19       AC:  6    Str: 16    XL:     2   Next: 41%
Magic:  3/3        EV:  6    Int:  8    God:
Gold:   69         SH:  9    Dex: 13    Spells: 1/1 levels left

rFire    . . .     SeeInvis .   a - +0 war axe
rCold    . . .     Faith    .   c - +0 kite shield
rNeg     . . .     Spirit   .   b - +0 scale mail
rPois    .         Reflect  .   (helmet restricted)
rElec    .         Harm     .   (no cloak)
rCorr    .         Rampage  .   (no gloves)
Will     .....                  (boots unavailable)
Stlth    ..........             (no amulet)
HPRegen  0.06/turn              (no ring)
MPRegen  0.08/turn              (no ring)

@: lethally poisoned (0 -> -9)
A: beak, talons 3
a: no special abilities


You were on level 2 of the Dungeon.
You visited 1 branch of the dungeon, and saw 2 of its levels.

You collected 69 gold pieces.

Inventory:

Hand Weapons
 a - a +0 war axe (weapon)
Armour
 b - a +0 scale mail (worn)
 c - a +0 kite shield (worn)
Jewellery
 f - an uncursed amulet of guardian spirit {unknown}
Potions
 d - a potion of might
 e - 2 potions of heal wounds {unknown}
 g - a potion of curing {unknown}
 h - a potion of degeneration {unknown}


   Skills:
 + Level 3.2 Fighting
 + Level 2.5 Axes
 + Level 3.5 Armour
 + Level 3.2 Shields


You had one spell level left.
You didn't know any spells.
Your spell library was empty.

Dungeon Overview and Level Annotations

Branches:
Dungeon (2/15)

Altars:
Fedhas


Innate Abilities, Weirdness & Mutations

You have a beak for a mouth.
You have claws for feet.


Message History

You block the adder's attack.
You take 1 damage, and have 9/19 hp.
You are too injured to fight recklessly!
You are too injured to fight recklessly!
You miss the adder. Your kick misses the adder.
The adder is lightly wounded.
You feel sick. The adder bites you. The adder bites you but does no damage.
You take 3 damage, and have 6/19 hp.
You miss the adder.
The adder is lightly wounded.
* * * LOW HITPOINT WARNING * * *
You feel sick. You block the adder's attack.
The adder bites you but does no damage. You block the adder's attack.
You take 1 damage, and have 5/19 hp.
You closely miss the adder. You claw the adder, but do no damage.
Your peck misses the adder.
The adder is lightly wounded.
* * * LOW HITPOINT WARNING * * *
You feel sick. The adder bites you.
You die...

#.##.###<#
#.....<..# ##+#
######.##### ##...##
###......#
##.....###........#
##.......##.#.#.##.#
#.........#.#....#.#
+.........+........#
#.......S@#.#....#.#
#.......##.##.†##.#
##................#
#....###.###.##.##
#.#+# #.# #.# .# #
#.# ... . ... ..P.
.# #.#


#P.PP #.# #P._.P You could see an adder.

Vanquished Creatures
  A leopard gecko (D:1)
  2 goblins (D:1)
  3 hobgoblins (D:1)
  A quokka (D:2)
  2 bats (D:1)
  A frilled lizard (D:2)
  2 rats (D:1)
12 creatures vanquished.

Vanquished Creatures (others)
  3 fungi (D:2)
3 creatures vanquished.

Grand Total: 15 creatures vanquished

Notes
Turn   | Place    | Note
-------+----------+-------------------------------------------
     0 | D:1      | gimp the Tengu Fighter began the quest for the Orb.
     0 | D:1      | Reached XP level 1. HP: 14/14 MP: 2/2
   639 | D:1      | Reached XP level 2. HP: 19/19 MP: 3/3
   939 | D:2      | Found a blossoming altar of Fedhas.
   957 | D:2      | Slain by an adder

Illustrated notes

Levels and vault maps discovered:
D:1:      matt_arrival_grand_opening, layout_basic,
          chequers_serial_rivers_small_b
D:2:      layout_loops_corners, fedhas_altar_3, uniq_natasha

Action                   || total
-------------------------++-------
Melee: War axe           ||    30
       Kick              ||     5
       Peck              ||     4
Armor: Scale mail        ||    11
Dodge: Dodged            ||     4
Block: Kite shield       ||    16

Table legend: (Time is in decaauts)
 A = Elapsed time spent in this place.
 B = Non-inter-level travel time spent in this place.
 C = Inter-level travel time spent in this place.
 D = Time resting spent in this place.
 E = Time spent auto-exploring this place.
 F = Levels seen in this place.
 G = Mean time per level.
                   A        B        C        D        E       F      G
               +--------+--------+--------+--------+--------+-----+--------+
         Total |    976 |    965 |     11 |      0 |    877 |   2 |  488.0 |
       Dungeon |    976 |    965 |     11 |      0 |    877 |   2 |  488.0 |
               +--------+--------+--------+--------+--------+-----+--------+

Top non-repeatable levels by time:
     D:1: 934 daAuts
     D:2: 42 daAuts
